 Dungeon Crawl Stone Soup version 0.21.0 (webtiles) character file.

36841 Llamajah the Severer (level 13, -22/116 HPs)
             Began as a Hill Orc Berserker on June 3, 2018.
             Was an Elder of Trog.
             Annihilated by a very large slime creature (41 damage)
             ... on level 14 of the Dungeon.
             The game lasted 00:37:10 (11786 turns).

Llamajah the Severer (Hill Orc Berserker)          Turns: 11786, Time: 00:37:11

Health: -22/116    AC: 18    Str: 25    XL:     13   Next: 92%
Magic:  23/23      EV: 19    Int:  7    God:    Trog [****..]
Gold:   834        SH:  0    Dex: 14    Spells: 12/12 levels left

rFire    . . .     SeeInvis +   n - +10 hand crossbow "Mofeith" {venom, rPois MP+9 Dex+4}
rCold    x . .     Gourm    .   (no shield)
rNeg     . . .     Faith    +   J - +2 chain mail "Cuadwiodghuch" {rPois rC- SInv}
rPois    +         Spirit   .   e - +1 hat
rElec    .         Reflect  .   W - +0 cloak
rCorr    .         Harm     .   m - +0 pair of gloves
MR       .....                  (no boots)
Stlth    ..........             P - amulet of faith
HPRegen  0.29/turn              o - +3 ring of evasion
MPRegen  0.18/turn              H - +5 ring of evasion

@: no status effects
A: no striking features
a: Berserk, Trog's Hand, Brothers in Arms, Burn Spellbooks, Renounce Religion


You were on level 14 of the Dungeon.
You worshipped Trog.
Trog was greatly pleased with you.
You were not hungry.

You visited 1 branch of the dungeon, and saw 14 of its levels.
You also visited: Trove.

You collected 834 gold pieces.

Inventory:

Hand Weapons
 n - the +10 hand crossbow "Mofeith" (weapon) {venom, rPois MP+9 Dex+4}
   (You found it on level 8 of the Dungeon)

   It poisons the ammo it fires.
   It affects your dexterity (+4).
   It protects you from poison.
   It affects your magic capacity (+9).
 p - a +4 battleaxe
 I - a +1 hand axe of flaming
 S - a +4 battleaxe
Missiles
 y - 162 bolts (quivered)
Armour
 e - a +1 hat (worn)
 m - a +0 pair of gloves (worn)
 J - the +2 chain mail "Cuadwiodghuch" (worn) {rPois rC- SInv}
   (You found it on level 9 of the Dungeon)

   It makes you vulnerable to cold.
   It protects you from poison.
   It lets you see invisible.
 R - a +1 plate armour of magic resistance
 W - a +0 cloak (worn)
Jewellery
 d - an uncursed ring of fire
 o - a +3 ring of evasion (left hand)
 s - an uncursed ring of flight
 H - a +5 ring of evasion (right hand)
 M - the amulet "Hirekan" {rF+ Regen+}
   (You found it in a treasure trove)

   [amulet of regeneration]

   It protects you from fire.
   It increases your rate of regeneration.
 N - the amulet of Yesterday {Gourm MP+9 Str+4 Stlth+}
   (You found it in a treasure trove)

   [amulet of the gourmand]

   It allows you to eat raw meat even when not hungry.
   It affects your strength (+4).
   It affects your magic capacity (+9).
   It makes you more stealthy.
 P - an amulet of faith (around neck)
Wands
 B - a wand of polymorph (15)
 V - a wand of digging (6)
Scrolls
 b - 2 scrolls of amnesia {unknown}
 g - 4 scrolls of fear {unknown}
 i - 9 scrolls of teleportation
 j - 4 scrolls of remove curse
 q - 2 scrolls of enchant weapon {unknown}
 r - 4 scrolls of enchant armour {unknown}
 u - 5 scrolls of magic mapping {unknown}
 w - a scroll of immolation {unknown}
 D - 4 scrolls of random uselessness {unknown}
 E - 7 scrolls of identify {unknown}
 F - 3 scrolls of fog {unknown}
 O - 2 scrolls of brand weapon {unknown}
 Q - 2 scrolls of vulnerability {unknown}
Potions
 a - 3 potions of resistance
 f - 4 potions of agility {unknown}
 h - a potion of cancellation {unknown}
 k - 4 potions of curing
 l - 5 potions of heal wounds {unknown}
 t - 2 potions of might {unknown}
 v - 2 potions of haste {unknown}
 x - 4 potions of magic {unknown}
 z - 2 potions of degeneration {unknown}
 A - 3 potions of lignification {unknown}
 K - a potion of invisibility {unknown}
 L - 3 potions of flight {unknown}
 T - a potion of experience {unknown}
 U - a potion of ambrosia {unknown}
 X - a potion of brilliance {unknown}
Books
 G - a book of Changes

   Spells                             Type                      Level
   a - Beastly Appendage              Transmutation                1
   b - Sticks to Snakes               Transmutation                2
   c - Spider Form                    Transmutation/Poison         3
   d - Ice Form                       Ice/Transmutation            4
   e - Blade Hands                    Transmutation                5
   Trog disapproves of the use of such an item.
Comestibles
 c - 27 rations
 C - 5 chunks of flesh


   Skills:
 + Level 11.5 Fighting
 * Level 15.7(15.8) Axes
   Level 2.4(9.3) Maces & Flails
 - Level 11.1 Crossbows
 + Level 12.3 Armour
 + Level 5.0 Dodging
 - Level 0.2 Stealth
 + Level 2.5 Evocations


You had 12 spell levels left.
You didn't know any spells.

Dungeon Overview and Level Annotations

Branches:
Dungeon (14/15)            Temple (0/1) D:7            Lair (0/6) D:10
    Orc (0/2) D:9          Vaults (0/5) D:13

Altars:
Elyvilon
Kikubaaqudgha
Nemelex Xobeh
Ru
Sif Muna
Vehumet
Wu Jian
Zin
The Shining One

Shops:
D:12 %


Message History

Firing (i - inventory):
y - 164 bolts (quivered)
Press: ? - help, Shift-Dir - straight line, f/p - very large slime creature
Aim: a very large slime creature (moderately wounded, poisoned)
You shoot a bolt.
The bolt hits the very large slime creature!
The very large slime creature is heavily wounded.
The very large slime creature hits you!!!
The very large slime creature looks more healthy.
Firing (i - inventory):
y - 163 bolts (quivered)
Press: ? - help, Shift-Dir - straight line, f/p - very large slime creature
Aim: a very large slime creature (heavily wounded)
You shoot a bolt.
The bolt hits the very large slime creature!
The very large slime creature is poisoned.
The very large slime creature is heavily wounded.
The very large slime creature hits you!!!
* * * LOW HITPOINT WARNING * * *
The very large slime creature looks more healthy.
The very large slime creature hits you!!!
You die...

#.###### #.#
#......# ##.##
######.### #....
#...# #.... ###.#
#.... #.# ##... #.#
##### ######.# #>...
#.J@...# #.###
#.###### #.# #.# #.#
#.# #.#
#.##############(#
#.#............#.###
#...................
###†#...######(#.###
#..........#.#....


You could see a very large slime creature.

Vanquished Creatures
  Gastronok (D:12)
  Frances (D:14)
  Snorg (D:11)
  2 hydras
  4 vault guards
  Erolcha (D:9)
  3 centaur warriors
  A death knight (D:14)
  2 two-headed ogres
  Sonja (D:12)
  An unseen horror (D:11)
  A wizard (D:13)
  Pikel (D:4)
  The ghost of dipablo the Skirmisher, a novice MiFi (D:6)
  The ghost of dipablo the Skirmisher, a novice MiFi of Okawaru (D:7)
  2 phantasmal warriors (D:14)
  A deep elf mage (D:12)
  A manticore (shapeshifter) (D:14)
  2 ugly things (D:11)
  A cyclops (D:14)
  2 centaur zombies
  Maurice (D:11)
  A yaktaur (D:13)
  A centaur skeleton (D:14)
  4 trolls
  2 hippogriffs
  2 hornets
  2 dream sheep (D:9)
  29 yaks
  3 wraiths
  20 humans (D:13)
  A hungry ghost (D:8)
  Menkaure (D:5)
  3 vampire mosquitoes (D:14)
  2 acid dragons
  2 sky beasts
  5 orc warriors
  3 eyes of draining
  4 ice beasts
  A hornet zombie (D:13)
  9 ogres
  3 slaves (D:4)
  7 centaurs
  2 phantoms
  A crocodile (D:11)
  3 big kobolds (D:9)
  4 bullfrogs
  2 gnoll sergeants
  3 wyvern skeletons
  7 scorpions
  A water moccasin skeleton (D:6)
  3 killer bees (D:9)
  8 wights
  5 howler monkeys
  6 crimson imps
  3 bullfrog zombies
  A quasit (D:9)
  A jelly (D:11)
  3 hounds
  8 orc priests
  11 orc wizards
  A bullfrog skeleton (D:13)
  11 worker ants
  Terence (D:3)
  4 iguanas
  A statue (D:6)
  2 killer bee zombies (D:9)
  A hound skeleton (D:6)
  15 gnolls
  A howler monkey skeleton (D:6)
  9 adders
  4 shadow imps
  3 adder skeletons
  An adder zombie (D:9)
  4 worms
  3 dart slugs
  10 leopard geckos
  28 orcs
  4 giant cockroaches
  6 goblins
  6 hobgoblins
  6 jackals
  5 quokkas
  A ball python (D:3)
  6 bats
  4 frilled lizards
  9 kobolds
  A quokka skeleton (D:9)
  4 rats
360 creatures vanquished.

Vanquished Creatures (others)
  A sky beast (D:11)
  A hound (D:12)
  A quokka (D:9)
  2 plants (D:10)
5 creatures vanquished.

Grand Total: 365 creatures vanquished

Notes
Turn   | Place    | Note
-------+----------+-------------------------------------------
     0 | D:1      | Llamajah the Hill Orc Berserker began the quest for the Orb.
     0 | D:1      | Reached XP level 1. HP: 19/19 MP: 1/1
   313 | D:1      | Reached XP level 2. HP: 23/27 MP: 2/2
   419 | D:1      | Reached XP level 3. HP: 33/33 MP: 3/3
   704 | D:2      | Reached XP level 4. HP: 39/41 MP: 4/4
   721 | D:2      | Found an ornate altar of the Wu Jian Council.
   731 | D:2      | Reached skill level 5 in Axes
   762 | D:2      | Reached ** piety under Trog
   987 | D:2      | Found a faded altar of an unknown god.
  1052 | D:2      | Found a deep blue altar of Sif Muna.
  1369 | D:3      | Noticed Terence
  1405 | D:3      | Killed Terence
  1554 | D:3      | Reached XP level 5. HP: 47/47 MP: 5/5
  1724 | D:3      | Reached skill level 6 in Axes
  2014 | D:4      | Noticed Pikel
  2014 | D:4      | Noticed a slave
  2014 | D:4      | Noticed a slave
  2016 | D:4      | Noticed a slave
  2017 | D:4      | Noticed a slave
  2019 | D:4      | Killed a slave
  2029 | D:4      | Killed a slave
  2033 | D:4      | Killed a slave
  2049 | D:4      | Killed Pikel
  2049 | D:4      | Reached skill level 5 in Fighting
  2049 | D:4      | Reached skill level 8 in Axes
  2049 | D:4      | Reached XP level 6. HP: 14/56 MP: 6/6
  2049 | D:4      | Reached XP level 7. HP: 16/61 MP: 7/7
  2225 | D:4      | Got an ichor-stained mace
  2226 | D:4      | Identified the +1 mace "Ulipsuhea" {protect, MR++ Dex-3} (You found it on level 4 of the Dungeon)
  2558 | D:4      | Found an ancient bone altar of Kikubaaqudgha.
  2564 | D:4      | Found a glowing golden altar of the Shining One.
  2656 | D:4      | Reached skill level 5 in Armour
  2701 | D:4      | Reached skill level 1 in Maces & Flails
  2701 | D:4      | Reached XP level 8. HP: 54/70 MP: 8/8
  2800 | D:5      | Entered Level 5 of the Dungeon
  2847 | D:5      | Reached skill level 9 in Axes
  2930 | D:5      | Noticed Menkaure
  2939 | D:5      | Killed Menkaure
  2969 | D:5      | Reached *** piety under Trog
  3641 | D:6      | Noticed dipablo's ghost (novice MiFi)
  3812 | D:6      | Killed dipablo's ghost
  3812 | D:6      | Reached skill level 10 in Axes
  3812 | D:6      | Reached XP level 9. HP: 78/78 MP: 3/9
  3898 | D:6      | Found a glowing silver altar of Zin.
  3980 | D:6      | Found a sparkling altar of Nemelex Xobeh.
  3990 | D:6      | Found a radiant altar of Vehumet.
  4226 | D:6      | Found a sacrificial altar of Ru.
  4475 | D:7      | Reached skill level 11 in Axes
  4822 | D:7      | Found an ancient bone altar of Kikubaaqudgha.
  4822 | D:7      | Noticed dipablo's ghost (novice MiFi)
  4841 | D:7      | Killed dipablo's ghost
  4841 | D:7      | Reached skill level 12 in Axes
  4841 | D:7      | Reached XP level 10. HP: 88/88 MP: 10/10
  4847 | D:7      | Reached **** piety under Trog
  4987 | D:7      | Found a staircase to the Ecumenical Temple.
  5139 | D:7      | Found a sparkling altar of Nemelex Xobeh.
  5421 | D:8      | Reached skill level 13 in Axes
  5748 | D:8      | Got a warped hand crossbow
  5749 | D:8      | Identified the +10 hand crossbow "Mofeith" {venom, rPois MP+9 Dex+4} (You found it on level 8 of the Dungeon)
  6294 | D:9      | Noticed Erolcha
  6311 | D:9      | Killed Erolcha
  6311 | D:9      | Reached skill level 1 in Crossbows
  6726 | D:9      | Reached ***** piety under Trog
  6823 | D:9      | Found a staircase to the Orcish Mines.
  6899 | D:9      | Reached skill level 10 in Armour
  6927 | D:9      | Found a white marble altar of Elyvilon.
  6947 | D:9      | Got a scorched chain mail
  6958 | D:9      | Identified the +2 chain mail "Cuadwiodghuch" {rPois rC- SInv} (You found it on level 9 of the Dungeon)
  7016 | D:9      | Reached XP level 11. HP: 95/95 MP: 11/11
  7050 | D:9      | Noticed a three-headed hydra
  7058 | D:9      | Killed a three-headed hydra
  7168 | D:10     | Entered Level 10 of the Dungeon
  7204 | D:10     | Reached skill level 5 in Crossbows
  7237 | D:10     | Noticed a centaur warrior
  7244 | D:10     | Killed a centaur warrior
  7467 | D:10     | Noticed a vault guard
  7471 | D:10     | Killed a vault guard
  7479 | D:10     | Found a portal to a secret trove of treasure.
  7484 | Trove    | Entered a treasure trove
  7502 | Trove    | Got a heavily runed graven amulet
  7504 | Trove    | Got a fine crystal amulet
  7591 | Trove    | Identified the amulet "Hirekan" {rF+ Regen+} (You found it in a treasure trove)
  7593 | Trove    | Identified the amulet of Yesterday {Gourm MP+9 Str+4 Stlth+} (You found it in a treasure trove)
  7632 | D:10     | Noticed a two-headed ogre
  7636 | D:10     | Killed a two-headed ogre
  7914 | D:10     | Found a staircase to the Lair.
  8185 | D:11     | Reached * piety under Trog
  8202 | D:11     | Reached XP level 12. HP: 88/104 MP: 12/12
  8383 | D:11     | Noticed Snorg
  8393 | D:11     | Killed Snorg
  8518 | D:11     | Noticed Maurice
  8528 | D:11     | Killed Maurice
  8873 | D:12     | Noticed a six-headed hydra
  8876 | D:12     | Killed a six-headed hydra
  8950 | D:12     | Reached skill level 10 in Fighting
  9008 | D:12     | Noticed Gastronok
  9018 | D:12     | Killed Gastronok
  9018 | D:12     | Reached skill level 14 in Axes
  9018 | D:12     | Reached skill level 10 in Crossbows
  9161 | D:12     | Noticed Sonja
  9162 | D:12     | Killed Sonja
  9215 | D:12     | Noticed a two-headed ogre
  9219 | D:12     | Killed a two-headed ogre
  9556 | D:12     | Found Meon's Food Shoppe.
  9603 | D:12     | Reached XP level 13. HP: 114/114 MP: 13/13
 10209 | D:13     | Received a gift from Trog
 10418 | D:13     | Found a gate to the Vaults.
 10418 | D:13     | Noticed a vault guard
 10418 | D:13     | Noticed a vault guard
 10418 | D:13     | Noticed a vault guard
 10427 | D:13     | Killed a vault guard
 10428 | D:13     | Killed a vault guard
 10437 | D:13     | Killed a vault guard
 10437 | D:13     | Reached skill level 15 in Axes
 10861 | D:14     | Reached skill level 1 in Evocations
 11223 | D:14     | Noticed Frances
 11236 | D:14     | Killed Frances
 11692 | D:14     | Reached skill level 5 in Dodging
 11786 | D:14     | Annihilated by a very large slime creature

Skill      XL: |  1  2  3  4  5  6  7  8  9 10 11 12 13 |
---------------+----------------------------------------+-----
Fighting       | 4 5 6 7 8 9 10 11 | 11.5
Axes           | 5 8 10 12 13 14 15 | 15.7
Dodging        | 2 3 5 |  5.0
Armour         | 3 4 5 7 8 10 11 12 | 12.3
Maces & Flails | 1 2 |  2.4
Crossbows      | 3 8 11 | 11.1
Evocations     | 2 |  2.5
Stealth        | |  0.2

Action                   |  1- 3 |  4- 6 |  7- 9 | 10-12 | 13-15 || total
-------------------------+-------+-------+-------+-------+-------++-------
Melee: Hand axe          |    74 |   175 |   165 |       |       ||   414
       Mace              |       |       |    14 |       |       ||    14
       Battleaxe         |       |       |   120 |   111 |    64 ||   295
 Fire: Hand crossbow     |       |       |       |   327 |   181 ||   508
Invok: Berserk           |     1 |     3 |     7 |     2 |     4 ||    17
  Use: Scroll            |       |       |       |     4 |       ||     4
       Potion            |       |       |       |       |     1 ||     1
  Eat: Chunk             |       |     6 |    13 |    15 |    11 ||    45
       Ration            |       |       |     1 |     1 |       ||     2
Armor: Animal skin       |     3 |       |       |       |       ||     3
       Ring mail         |    24 |    25 |       |       |       ||    49
       Chain mail        |       |    55 |    61 |    40 |    78 ||   234
       Plate armour      |       |       |    51 |    67 |       ||   118
Dodge: Dodged            |    50 |    88 |   151 |   223 |   177 ||   689
